 Dungeon Crawl Stone Soup version 0.26.0-16-gc1dbca0489 (webtiles) character file.

Game seed: 206762798382031701

366449 Froggeryz the Hoplite (level 22, -6/198 HPs)
             Began as a Ghoul Delver on Jan 19, 2021.
             Was the Champion of Okawaru.
             Killed from afar by a quicksilver dragon (32 damage)
             ... with a bolt of dispelling energy
             ... on level 5 of the Vaults on Jan 20, 2021.
             The game lasted 01:33:20 (55554 turns).

Froggeryz the Hoplite (Ghoul Delver)               Turns: 55554, Time: 01:33:20

Health: -6/198     AC: 24    Str: 31    XL:     22   Next: 56%
Magic:  22/25      EV:  8    Int:  9    God:    Okawaru [******]
Gold:   2958       SH: 27    Dex: 11    Spells: 21/21 levels left

rFire    + + .     SeeInvis .     - Unarmed
rCold    + + .     Faith    .   v - +0 tower shield "Esiet" {Rampage Will+}
rNeg     + + +     Spirit   .   S - +5 plate armour of Dufoq {Str+3 Int+4}
rPois    ∞         Reflect  .   i - +0 hat of the Gate {+Fly rElec rCorr Int-2}
rElec    +         Harm     .   P - scarf {rC+ rF+}
rCorr    +         Rampage  +   (no gloves)
Will     ++...                  o - +2 pair of boots {run}
Stlth    ..........             w - amulet of regeneration
HPRegen  0.00/turn              H - +4 ring of protection
MPRegen  0.19/turn              I - ring of the Tempest {rF+ Str+5}

@: finesse, quick
A: claws 1, cold resistance 1, negative energy resistance 3, inhibited
regeneration, torment resistance, unbreathing
}: 2/15 runes: serpentine, barnacled
a: Renounce Religion, Evoke Flight, Heroism, Finesse


You were on level 5 of the Vaults.
You worshipped Okawaru.
Okawaru was exalted by your worship.
You visited 6 branches of the dungeon, and saw 36 of its levels.
You visited 1 bazaar.
You also visited: Ossuary and Volcano.

You collected 6245 gold pieces.
You spent 3287 gold pieces at shops.

Inventory:

Hand Weapons
 a - the +8 eveningstar of Fatigue {antimagic, +Blink rPois}
   (Okawaru gifted it to you on level 4 of the Snake Pit)

   It reduces the magical energy of the wielder, and disrupts the spells and
   magical abilities of those hit.
   Natural abilities and divine invocations are not affected.
   It protects you from poison.
   It lets you blink.
Armour
 i - the +0 hat of the Gate (worn) {+Fly rElec rCorr Int-2}
   (Okawaru gifted it to you on level 4 of the Shoals)

   It affects your intelligence (-2).
   It insulates you from electricity.
   It lets you fly.
   It provides partial protection from all sources of acid and corrosion.
 o - a +2 pair of boots of running (worn)
 t - the +4 pair of boots "Lanuc" {+Blink MP+9 Dex+3}
   (You bought it in a shop on level 4 of the Vaults)

   It affects your dexterity (+3).
   It affects your magic capacity (+9).
   It lets you blink.
 v - the +0 tower shield "Esiet" (worn) {Rampage Will+}
   (Okawaru gifted it to you on level 4 of the Lair of Beasts)

   It affects your willpower, your defense against some magical effects.
   It bestows one free step when moving towards enemies.
 G - a +2 helmet of see invisible
 P - a scarf of resistance (worn)
 S - the +5 plate armour of Dufoq (worn) {Str+3 Int+4}
   (You found it on level 5 of the Lair of Beasts)

   It affects your strength (+3).
   It affects your intelligence (+4).
Jewellery
 u - a +6 ring of strength
 w - an amulet of regeneration (around neck)
 B - an uncursed amulet of the acrobat
 C - an uncursed ring of protection from cold
 D - an uncursed amulet of reflection
 H - a +4 ring of protection (left claw)
 I - the ring of the Tempest (right claw) {rF+ Str+5}
   (You bought it in a shop on level 1 of the Snake Pit)

   [ring of protection from fire]

   It affects your strength (+5).
   It protects you from fire.
 L - an uncursed ring of protection from fire
Wands
 d - a wand of flame (108)
 f - a wand of digging (15)
 n - a wand of polymorph (27)
 r - a wand of enslavement (16)
 s - a wand of paralysis (14)
 E - a wand of acid (10)
 J - a wand of iceblast (9)
 K - a wand of random effects (45)
 W - a wand of disintegration (30)
Scrolls
 b - 5 scrolls of fog
 c - 8 scrolls of magic mapping
 h - 2 scrolls of amnesia
 k - a scroll of blinking
 p - 13 scrolls of remove curse
 q - 17 scrolls of teleportation
 y - 2 scrolls of enchant armour
 F - 9 scrolls of identify
 O - a scroll of silence
 V - 5 scrolls of immolation
Potions
 e - 7 potions of haste
 g - 7 potions of flight
 j - a potion of heal wounds
 l - 9 potions of might
 z - 10 potions of curing
 Q - 3 potions of resistance
Miscellaneous
 A - a condenser vane
 M - a phantom mirror


   Skills:
 * Level 16.8 Fighting
 - Level 6.0 Armour
 - Level 1.7 Dodging
 - Level 5.4 Stealth
 - Level 25.0 Shields
 + Level 20.0 Unarmed Combat
 - Level 5.6 Invocations


You had 21 spell levels left.
You didn't know any spells.
Your spell library contained the following spells:

 Spells                   Type           Power        Failure   Level
 Animate Skeleton         Necr           0%           98%         1
 Apportation              Tloc           0%           98%         1
 Corona                   Hex            0%           98%         1
 Freeze                   Ice            0%           98%         1
 Shock                    Conj/Air       0%           98%         1
 Sting                    Tmut/Pois      0%           98%         1
 Summon Small Mammal      Summ           0%           98%         1
 Ensorcelled Hibernation  Hex/Ice        0%           99%         2
 Poisonous Vapours        Pois/Air       0%           99%         2
 Slow                     Hex            0%           99%         2
 Swiftness                Air            0%           99%         2
 Conjure Flame            Conj/Fire      0%           100%        3
 Dazzling Flash           Conj/Hex       0%           100%        3
 Frozen Ramparts          Ice            0%           100%        3
 Inner Flame              Hex/Fire       0%           100%        3
 Mephitic Cloud           Conj/Pois/Air  0%           100%        3
 Portal Projectile        Hex/Tloc       0%           100%        3
 Static Discharge         Conj/Air       0%           100%        3
 Airstrike                Air            0%           100%        4
 Animate Dead             Necr           0%           100%        4
 Cause Fear               Hex            0%           100%        4
 Fulminant Prism          Conj/Hex       0%           100%        4
 Leda's Liquefaction      Hex/Erth       0%           100%        4
 Borgnjor's Vile Clutch   Necr/Erth      0%           100%        5
 Lightning Bolt           Conj/Air       0%           100%        5
 Silence                  Hex/Air        0%           100%        5
 Yara's Violent Unravell  Hex/Tmut       0%           100%        5
 Death Channel            Necr           0%           100%        6
 Freezing Cloud           Conj/Ice/Air   0%           100%        6
 Shadow Creatures         Summ           N/A          100%        6
 Simulacrum               Ice/Necr       0%           100%        6
 Discord                  Hex            0%           100%        8


Dungeon Overview and Level Annotations

Branches:
Dungeon (15/15)            Temple (0/1) D:7            Lair (6/6) D:11
 Shoals (4/4) Lair:4        Snake (4/4) Lair:2        Slime (0/5) Lair:6
    Orc (2/2) D:10            Elf (0/3) Orc:2        Vaults (5/5) D:13
  Crypt (0/3) Vaults:2     Depths (0/5) D:15        Ossuary (visited)
Volcano (visited)

Altars:
Ashenzari
Cheibriados
Dithmenos
Fedhas
Makhleb
Nemelex Xobeh
Okawaru
Qazlal
Ru
Trog
Uskayaw
Vehumet
Xom
Yredelemnul
Zin
The Shining One
Beogh
Lugonu

Shops:
D:7 }   D:8 *   D:12 *   D:13 *   Orc:2 *(:[   Snake:1 =   Snake:2 [(
Snake:4 }=}   Vaults:2 !   Vaults:4 [

Annotations:
D:10 exclusions: oklob plant and oklob sapling
Lair:6 exclusion: 3 oklob plants
Shoals:4 Roxanne


Innate Abilities, Weirdness & Mutations

You thrive by killing the living.
You are immune to poison.
You have sharp fingernails.
Your flesh is cold resistant. (rC+)
You are immune to negative energy. (rN+++)
You do not regenerate when monsters are visible.
You are immune to unholy pain and torment.
You can survive without breathing.


Message History

The spark wasp changes into a bunyip!
You scratch the bunyip.
The bunyip is lightly wounded.
You eviscerate the bunyip!!!
The bunyip is severely wounded.
You hear a deafening roar!
The bunyip claws you but does no damage.
You block the bunyip's attack. x2
You scratch the bunyip but do no damage.
The bunyip is severely wounded.
You scratch the bunyip.
The bunyip is severely wounded.
You mangle the bunyip!!
You kill the bunyip!
Okawaru accepts your kill.
You feel better.
You see here a glowing shapeshifter corpse.
The quicksilver dragon breathes dispelling energy at you.
The bolt of dispelling energy hits you!!
You die...

###################
...................
..................
######........######
#.......D....†....##
#.....#....#.†.@...#
#.....#....#...##......
#.....#....#..## ....#
#.######....#..# ...#
.# #....#... ..# .
#....##... ..
#....###.. .


You could see a quicksilver dragon (catching breath).

Vanquished Creatures
  Boris (Vaults:4)
  Bai Suzhen (Snake:4)
  Vashnia (Snake:2)
  A golden dragon (Vaults:5)
  2 liches
  A quicksilver dragon (Vaults:5)
  Polyphemus (Shoals:3)
  A sphinx (Vaults:1)
  2 storm dragons (Vaults:5)
  2 shadow dragons (Vaults:5)
  3 tengu reavers (Vaults:5)
  12 nagarajas
  Ilsuiw (Shoals:4)
  The ghost of Ettath the Severer, a journeyman HOFi of Okawaru (Shoals:4)
  2 fire giants
  2 frost giants
  Aizul (Snake:1)
  An orc warlord (Orc:2)
  11 vault wardens
  2 deep elf sorcerers
  13 ironheart preservers
  13 stone giants
  7 very ugly things
  Nessos (Lair:5)
  A deep elf demonologist (Vaults:3)
  The ghost of Qoypruj the Cruncher, a journeyman MiGl of the Shining One (Lair:5)
  3 entropy weavers
  A bunyip (shapeshifter) (Vaults:5)
  5 merfolk impalers
  3 ettins
  5 merfolk javelineers
  3 deep elf death magi
  9 yaktaur captains
  A crystal guardian (Vaults:3)
  2 deep elf high priests (Vaults:5)
  A great orb of eyes (Vaults:2)
  27 vault guards
  7 naga warriors
  2 rakshasas (Vaults:1)
  13 hydras
  5 ice dragons
  6 boulder beetles
  6 merfolk aquamancers
  2 alligator snapping turtles
  10 centaur warriors
  2 merfolk avatars (Shoals:4)
  17 anacondas
  2 satyrs
  3 death knights
  Erica (D:8)
  4 catoblepae
  20 two-headed ogres
  2 deep troll shamans
  9 ogre magi
  13 death yaks
  A deep troll earth mage (Vaults:2)
  An orc high priest (Orc:2)
  9 shock serpents
  15 naga sharpshooters
  4 skeletal warriors (Vaults:2)
  The ghost of akumoriri the Fighter, a novice DrBe of Trog (D:7)
  A hell knight (Vaults:5)
  3 deep elf knights
  2 shadow wraiths
  16 sea snakes
  3 salamander mystics
  4 glowing orange brains
  4 deep trolls
  4 unseen horrors
  A phantasmal warrior (Vaults:5)
  3 wizards
  15 ironbrand convokers
  A wolf spider zombie (D:15)
  12 naga ritualists
  6 deep elf archers
  A flayed ghost (Vaults:5)
  3 necromancers
  16 harpies
  6 mana vipers
  28 ugly things
  12 orc knights
  8 deep elf magi
  2 mana vipers (shapeshifter)
  A shadow dragon skeleton (Vaults:4)
  5 cyclopes
  4 orc sorcerers
  A faun (shapeshifter) (D:13)
  4 fauns (Shoals:1)
  7 wolf spiders
  An oklob plant (Lair:6)
  13 manticores
  A manticore (shapeshifter) (Vaults:4)
  13 salamanders
  A molten gargoyle (Volcano)
  14 guardian serpents
  A human skeleton (Vaults:2)
  A stone giant skeleton (Vaults:4)
  10 vault sentinels
  47 black mambas
  10 merfolk sirens
  The ghost of rossy the Destroyer, a novice DECj (D:6)
  4 elephants (Lair:6)
  A water nymph (Shoals:4)
  An eye of devastation (shapeshifter) (D:15)
  6 gargoyles
  Maggie (D:9)
  10 naga magi
  19 yaktaurs
  3 guardian serpents (shapeshifter)
  16 cane toads
  A rime drake (shapeshifter) (Vaults:2)
  6 rime drakes
  6 freezing wraiths
  2 kobold demonologists (D:15)
  17 komodo dragons
  7 trolls
  A troll (shapeshifter) (Vaults:3)
  A yaktaur skeleton (Vaults:2)
  3 polar bears
  21 merfolk
  A meliai (shapeshifter) (Vaults:3)
  A jumping spider (shapeshifter) (Vaults:2)
  9 wind drakes
  24 blink frogs
  3 hornets
  4 dream sheep
  23 slime creatures
  A dream sheep (shapeshifter) (D:15)
  An ettin zombie (Vaults:4)
  Sigmund (D:4)
  14 snapping turtles
  5 water elementals
  A shadow (D:15)
  3 wraiths
  12 wyverns
  An ettin skeleton (Vaults:4)
  4 redbacks (Vaults:4)
  3 fire bats (Lair:6)
  A hog (shapeshifter) (Vaults:4)
  9 basilisks
  Grum (D:10)
  51 yaks
  2 steam dragons
  A soldier ant (shapeshifter) (D:14)
  6 wargs
  A soldier ant (D:11)
  Duvessa (D:4)
  37 nagas
  20 water moccasins
  An acid dragon (D:12)
  A sky beast (D:10)
  2 ice beasts
  A swamp drake (D:11)
  A hornet zombie (D:3)
  45 orc warriors
  An ettin simulacrum (Vaults:3)
  8 black bears
  2 eyes of draining
  An elf zombie (Vaults:2)
  4 phantoms
  17 wolves
  4 boggarts (Vaults:1)
  38 ogres
  33 centaurs
  A tengu (shapeshifter) (Vaults:1)
  The ghost of mojasp the Grave Robber, an amateur DsNe (D:3)
  5 big kobolds
  18 bullfrogs
  3 gnoll sergeants (D:9)
  A glowing shapeshifter simulacrum (Vaults:3)
  Dowan (D:4)
  A wyvern zombie (D:8)
  5 scorpions
  3 wyvern skeletons
  24 killer bees
  A howler monkey (D:9)
  11 wights
  4 electric eels
  5 centaur zombies
  A bullfrog zombie (D:3)
  4 quasits
  17 hounds
  4 human zombies
  3 bullfrog skeletons
  A human simulacrum (Vaults:2)
  8 jellies
  16 orc priests
  2 centaur skeletons
  30 orc wizards
  3 gnoll shamans
  5 iguanas
  An iguana (shapeshifter) (Vaults:5)
  Natasha (thrice) (D:3)
  21 hell rats
  8 worker ants
  A hound zombie (D:10)
  2 hound skeletons
  A spectral howler monkey (D:6)
  3 mummies
  Robin (D:3)
  20 gnolls
  A howler monkey skeleton (D:6)
  13 adders
  A shadow imp (D:8)
  2 white imps
  A worker ant simulacrum (D:6)
  An ooze (D:1)
  4 adder zombies
  2 adder skeletons
  2 leopard geckos
  83 orcs
  4 giant cockroaches
  12 goblins
  8 hobgoblins
  7 jackals (D:9)
  6 quokkas
  4 ball pythons
  5 bats
  6 frilled lizards
  A goblin zombie (Ossuary)
  9 hobgoblin zombies (Ossuary)
  4 jackal zombies
  16 kobolds
  13 kobold zombies (Ossuary)
  A leopard gecko skeleton (D:6)
  5 orc zombies (Ossuary)
  2 quokka skeletons
  A quokka zombie (D:7)
  4 rats
  A rat zombie (Ossuary)
  2 crawling corpses (Vaults:3)
1572 creatures vanquished.

Vanquished Creatures (others)
  A rakshasa (Vaults:2)
  A naga sharpshooter (Snake:4)
  A basilisk (D:11)
  27 fungi
  83 plants
113 creatures vanquished.

Grand Total: 1685 creatures vanquished

Notes
Turn   | Place    | Note
-------+----------+-------------------------------------------
     0 | D:5      | Froggeryz the Ghoul Delver began the quest for the Orb.
     0 | D:5      | Reached XP level 1. HP: 19/19 MP: 0/0
     6 | D:5      | Noticed a jelly
    32 | D:5      | Reached XP level 2. HP: 23/26 MP: 1/1
   107 | D:5      | Reached XP level 3. HP: 22/31 MP: 2/2
   323 | D:5      | Reached XP level 4. HP: 19/38 MP: 3/3
   490 | D:4      | Reached skill level 5 in Unarmed Combat
   556 | D:4      | Reached XP level 5. HP: 38/45 MP: 4/4
   606 | D:4      | Found a sparkling altar of Nemelex Xobeh.
   694 | D:4      | Noticed an ogre
   700 | D:4      | Noticed Sigmund
   702 | D:4      | Killed an ogre
   703 | D:4      | Reached XP level 6. HP: 49/51 MP: 5/5
   718 | D:4      | Killed Sigmund
   948 | D:4      | Reached XP level 7. HP: 57/57 MP: 6/6
  1086 | D:4      | Noticed Duvessa
  1086 | D:4      | Noticed Dowan
  1087 | D:4      | Found a sand-covered staircase.
  1094 | Ossuary  | Entered an ossuary
  3645 | D:3      | Found a runed translucent gate.
  3645 | D:3      | Found a runed translucent gate.
  3646 | D:3      | Found a runed translucent gate.
  3648 | D:3      | Noticed mojasp's ghost (amateur DsNe)
  3821 | D:3      | Noticed Robin
  3854 | D:3      | Killed Robin
  3916 | D:3      | Found a bloodstained altar of Trog.
  4032 | D:3      | Noticed Natasha
  4041 | D:3      | Killed Natasha
  4066 | D:3      | Noticed Natasha
  4075 | D:3      | Killed Natasha
  4076 | D:3      | Reached XP level 8. HP: 62/67 MP: 7/7
  4079 | D:3      | Found an iron altar of Okawaru.
  4087 | D:3      | Became a worshipper of Warmaster Okawaru
  4783 | D:4      | Killed Duvessa
  5607 | D:4      | Reached skill level 5 in Fighting
  5607 | D:4      | Reached skill level 10 in Unarmed Combat
  5693 | D:4      | Killed Dowan
  5998 | D:5      | Found a glowing golden altar of the Shining One.
  6054 | D:5      | Reached skill level 1 in Armour
  6058 | D:5      | Got a jewelled leather armour
  6059 | D:5      | Identified the +1 leather armour of Snakes and Ladders
                  | {Stlth+} (You found it on level 5 of the Dungeon)
  6643 | D:6      | Reached * piety under Okawaru
  6667 | D:6      | Found a runed translucent gate.
  6667 | D:6      | Found a runed translucent gate.
  6667 | D:6      | Found a runed translucent gate.
  6667 | D:6      | Noticed rossy's ghost (novice DECj)
  6798 | D:6      | Found a snail-covered altar of Cheibriados.
  6800 | D:6      | Found a burning altar of Makhleb.
  6800 | D:6      | Found a shimmering altar of Xom.
  6802 | D:6      | Found a glowing silver altar of Zin.
  6802 | D:6      | Found a broken altar of Ashenzari.
  6802 | D:6      | Found a sacrificial altar of Ru.
  6856 | D:6      | Found a hide-covered altar of Uskayaw.
  7081 | D:3      | Found a radiant altar of Vehumet.
  7081 | D:3      | Found a glowing silver altar of Zin.
  7081 | D:3      | Noticed Natasha
  7088 | D:3      | Killed Natasha
  7199 | D:3      | Killed mojasp's ghost
  7200 | D:3      | Reached XP level 9. HP: 74/74 MP: 8/8
  7509 | D:7      | Found a stormy altar of Qazlal.
  7576 | D:7      | Found a staircase to the Ecumenical Temple.
  7816 | D:7      | Found a runed translucent door.
  7888 | D:7      | Found Coethutofy's Gadget Emporium.
  8150 | D:7      | Reached ** piety under Okawaru
  8269 | D:7      | Noticed akumoriri's ghost (novice DrBe)
  8300 | D:7      | Found a shadowy altar of Dithmenos.
  8778 | D:8      | Found Edgherong's Evil Emporium.
  8780 | D:8      | Found a corrupted altar of Lugonu.
  8897 | D:8      | Reached *** piety under Okawaru
  8898 | D:8      | Reached skill level 5 in Armour
  8898 | D:8      | Reached XP level 10. HP: 33/81 MP: 9/9
  9146 | D:8      | Noticed Erica
  9158 | D:8      | Killed Erica
 10001 | D:9      | Found a bloodstained altar of Trog.
 10004 | D:9      | Noticed Maggie
 10012 | D:9      | Killed Maggie
 10013 | D:9      | Reached skill level 1 in Invocations
 10057 | D:9      | Reached **** piety under Okawaru
 10142 | D:9      | Found a burning altar of Makhleb.
 10276 | D:9      | Found a snail-covered altar of Cheibriados.
 10739 | D:9      | Reached XP level 11. HP: 78/88 MP: 12/12
 10961 | D:9      | Found a basalt altar of Yredelemnul.
 10961 | D:9      | Found a stormy altar of Qazlal.
 11027 | D:10     | Entered Level 10 of the Dungeon
 11043 | D:10     | Noticed Grum
 11063 | D:10     | Killed Grum
 11063 | D:10     | Reached ***** piety under Okawaru
 11590 | D:9      | Reached skill level 15 in Unarmed Combat
 12458 | D:9      | Received a gift from Okawaru
 12459 | D:9      | Found the +4 skin of Zhor {Englaciate rC+++ SInv}
 12566 | D:10     | Reached skill level 5 in Invocations
 12636 | D:10     | Noticed an oklob plant
 13036 | D:10     | Found a staircase to the Orcish Mines.
 13909 | D:11     | Found a shimmering altar of Xom.
 13930 | D:11     | Reached skill level 1 in Shields
 14519 | D:11     | Noticed a manticore
 14542 | D:11     | Reached skill level 2 in Shields
 14547 | D:11     | Killed a manticore
 15077 | D:11     | Reached skill level 3 in Shields
 15111 | D:11     | Reached XP level 12. HP: 18/97 MP: 15/15
 15476 | D:11     | Found a staircase to the Lair.
 15583 | Lair:1   | Entered Level 1 of the Lair of Beasts
 15840 | D:11     | Reached skill level 4 in Shields
 16109 | Lair:1   | Reached skill level 5 in Shields
 16672 | Lair:1   | Received a gift from Okawaru
 17008 | Lair:1   | Reached skill level 6 in Shields
 17500 | Lair:2   | Reached skill level 7 in Shields
 17704 | Lair:2   | Found a staircase to the Snake Pit.
 17739 | Lair:2   | Reached skill level 8 in Shields
 17920 | Lair:2   | Found a shadowy altar of Dithmenos.
 18522 | Lair:2   | Reached skill level 9 in Shields
 18777 | Lair:3   | Noticed a six-headed hydra
 18784 | Lair:3   | Killed a six-headed hydra
 18863 | Lair:3   | Noticed a boulder beetle
 18889 | Lair:3   | Killed a boulder beetle
 18973 | Lair:3   | Noticed a death yak
 18985 | Lair:3   | Killed a death yak
 18986 | Lair:3   | Reached XP level 13. HP: 101/105 MP: 16/16
 19010 | Lair:3   | Received a gift from Okawaru
 19011 | Lair:3   | Reached skill level 10 in Shields
 19064 | Lair:3   | HP: 2/105 [seven-headed hydra (8)]
 19390 | Lair:3   | Identified the Tome of Orthodoxy
 19595 | Lair:3   | Reached skill level 11 in Shields
 19596 | Lair:3   | Reached ****** piety under Okawaru
 20409 | Lair:4   | Received a gift from Okawaru
 20414 | Lair:4   | Got a jewelled tower shield {god gift}
 20573 | Lair:4   | Reached skill level 12 in Shields
 21328 | Lair:4   | Reached XP level 14. HP: 113/113 MP: 17/17
 21438 | Lair:4   | Found a staircase to the Shoals.
 22219 | Lair:5   | Got a jewelled plate armour
 22220 | Lair:5   | Identified the +5 plate armour of Dufoq {Str+3 Int+4} (You
                  | found it on level 5 of the Lair of Beasts)
 22221 | Lair:5   | Identified the +0 tower shield "Esiet" {Rampage Will+}
                  | (Okawaru gifted it to you on level 4 of the Lair of Beasts)
 22264 | Lair:5   | Noticed Qoypruj's ghost (journeyman MiGl)
 22269 | Lair:5   | Found a transporter.
 22569 | Lair:5   | Found a transporter.
 22651 | Lair:5   | Killed Qoypruj's ghost
 22651 | Lair:5   | Received a gift from Okawaru
 22652 | Lair:5   | Reached skill level 13 in Shields
 23365 | Lair:5   | Noticed Nessos
 23376 | Lair:5   | Killed Nessos
 23585 | Lair:6   | Entered Level 6 of the Lair of Beasts
 23675 | Lair:6   | Found a dark tunnel.
 23688 | Volcano  | Entered a volcano
 23853 | Lair:6   | Identified a +2 pair of boots of running (You found it in a
                  | volcano)
 24169 | Lair:6   | Reached skill level 14 in Shields
 24229 | Lair:5   | Received a gift from Okawaru
 24975 | Lair:6   | Identified 2 scrolls of acquirement
 24975 | Lair:6   | Acquired 779 gold pieces
 24984 | Lair:6   | Acquired 612 gold pieces
 25407 | Lair:6   | Found a staircase to the Slime Pits.
 25412 | Lair:6   | Received a gift from Okawaru
 25559 | Lair:6   | Got a warped cloak {god gift}
 25572 | Lair:6   | Identified the +3 cloak of Dim Light {Int+4} (Okawaru
                  | gifted it to you on level 6 of the Lair of Beasts)
 25895 | Orc:1    | Entered Level 1 of the Orcish Mines
 26056 | Orc:1    | Reached XP level 15. HP: 118/118 MP: 18/18
 26102 | Orc:1    | Found a roughly hewn altar of Beogh.
 26147 | Orc:1    | Reached skill level 15 in Shields
 26350 | Orc:2    | Entered Level 2 of the Orcish Mines
 26881 | Orc:2    | Found a roughly hewn altar of Beogh.
 26894 | Orc:2    | Found a staircase to the Elven Halls.
 27782 | Orc:2    | Noticed an orc warlord
 27802 | Orc:2    | Killed an orc warlord
 27935 | Orc:2    | Found a roughly hewn altar of Beogh.
 27938 | Orc:2    | Found Ahuck's Antique Weapon Shop.
 28121 | Orc:2    | Found a roughly hewn altar of Beogh.
 28148 | Orc:2    | Found Jethi's Antique Armour Shop.
 28298 | Orc:2    | Found Galotoxi's General Store.
 28304 | Orc:2    | Bought a scroll of remove curse for 30 gold pieces
 28342 | Orc:2    | Found Nojipt's Book Shop.
 28583 | Orc:2    | Bought a pair of glowing gloves for 240 gold pieces
 28761 | D:6      | Killed rossy's ghost
 28849 | D:7      | Killed akumoriri's ghost
 29344 | D:12     | Found a glowing silver altar of Zin.
 29483 | D:12     | Found Taudor's Assorted Antiques.
 29491 | D:12     | Bought an embroidered scarf for 312 gold pieces
 30328 | D:13     | Found Xem Abir's Changing Room.
 30685 | D:13     | Found a gate to the Vaults.
 30968 | D:14     | Reached skill level 16 in Shields
 31015 | D:14     | Received a gift from Okawaru
 31431 | D:14     | Reached XP level 16. HP: 112/126 MP: 19/19
 31848 | D:15     | Entered Level 15 of the Dungeon
 32148 | D:15     | Found a staircase to the Depths.
 33254 | Snake:1  | Entered Level 1 of the Snake Pit
 33256 | Snake:1  | Received a gift from Okawaru
 33734 | Snake:1  | Found Riymeyz's Jewellery Boutique.
 33739 | Snake:1  | Bought the ring of the Tempest {rF+ Str+5} for 595 gold
                  | pieces
 33970 | Snake:1  | Reached skill level 17 in Shields
 34453 | Snake:2  | Received a gift from Okawaru
 34457 | Snake:2  | Noticed a nagaraja
 34658 | Snake:2  | Noticed Aizul
 34863 | Lair:2   | Acquired 855 gold pieces
 35237 | Snake:1  | Killed Aizul
 35433 | Snake:1  | Killed a nagaraja
 35433 | Snake:1  | Received a gift from Okawaru
 35498 | Snake:2  | Found Qic Lan's Antique Armour Boutique.
 35536 | Snake:2  | Bought a glowing scarf for 264 gold pieces
 35557 | Snake:2  | Bought a runed scarf for 264 gold pieces
 35816 | Snake:2  | Noticed a nagaraja
 35836 | Snake:2  | Killed a nagaraja
 35845 | Snake:2  | Reached XP level 17. HP: 134/136 MP: 20/20
 35902 | Snake:2  | You fall into a shaft and drop 1 floor!
 36347 | Snake:2  | Found Neaprof's Weapon Emporium.
 36802 | Snake:3  | Noticed Vashnia
 37297 | Snake:2  | Killed Vashnia
 37297 | Snake:2  | Received a gift from Okawaru
 37678 | Snake:3  | Reached skill level 18 in Shields
 38276 | Snake:4  | Entered Level 4 of the Snake Pit
 38644 | Snake:4  | Reached skill level 10 in Fighting
 38733 | Snake:4  | Noticed Bai Suzhen
 38761 | Snake:4  | Killed Bai Suzhen
 38877 | Snake:4  | Received a gift from Okawaru
 38897 | Snake:4  | Identified the +8 eveningstar of Fatigue {antimagic, +Blink
                  | rPois} (Okawaru gifted it to you on level 4 of the Snake
                  | Pit)
 38981 | Snake:4  | Found Qam Tukhlo's Gadget Shoppe.
 38982 | Snake:4  | Found Ibotwog's Jewellery Shop.
 38983 | Snake:4  | Found Tued Pos's Gadget Shoppe.
 38991 | Snake:4  | Bought an uncursed amulet of reflection for 420 gold pieces
 39556 | Snake:4  | Reached XP level 18. HP: 89/151 MP: 21/21
 39677 | Snake:4  | Reached skill level 19 in Shields
 40218 | Snake:4  | Received a gift from Okawaru
 40476 | Snake:3  | Received a gift from Okawaru
 40943 | Snake:4  | Got a serpentine rune of Zot
 41212 | Shoals:1 | Entered Level 1 of the Shoals
 41498 | Shoals:1 | Found a shadowy altar of Dithmenos.
 41592 | Shoals:1 | Received a gift from Okawaru
 41706 | Shoals:1 | Found a blossoming altar of Fedhas.
 42349 | Shoals:2 | Reached skill level 20 in Shields
 43020 | Shoals:3 | Noticed Polyphemus
 43092 | Shoals:3 | Killed Polyphemus
 43092 | Shoals:3 | Received a gift from Okawaru
 43309 | Shoals:3 | Reached XP level 19. HP: 149/163 MP: 22/22
 43673 | Shoals:3 | Identified the Papyrus of the Oath
 43982 | Shoals:4 | Entered Level 4 of the Shoals
 45198 | Shoals:4 | Got a barnacled rune of Zot
 45527 | Shoals:4 | Found a runed translucent gate.
 45527 | Shoals:4 | Found a runed translucent gate.
 45528 | Shoals:4 | Found a runed translucent gate.
 45529 | Shoals:4 | Noticed Ettath's ghost (journeyman HOFi)
 45574 | Shoals:4 | Killed Ettath's ghost
 45600 | Shoals:4 | Received a gift from Okawaru
 45605 | Shoals:4 | Got a shimmering hat {god gift}
 45633 | Shoals:4 | Identified the +0 hat of the Gate {+Fly rElec rCorr Int-2}
                  | (Okawaru gifted it to you on level 4 of the Shoals)
 45852 | Shoals:4 | Found the +8 frozen axe "Frostbite" {freezing cloud, *Noise
                  | +Fly rC+}
 45902 | Shoals:4 | Noticed Ilsuiw
 45942 | Shoals:4 | Killed Ilsuiw
 46226 | Shoals:4 | Noticed Roxanne
 46458 | Shoals:4 | Got a brightly glowing pewter ring
 46459 | Shoals:4 | Identified the ring "Nose" {*Contam rPois rN+ AC+4 SInv}
                  | (You found it on level 4 of the Shoals)
 46803 | Vaults:1 | Entered Level 1 of the Vaults
 46823 | Vaults:1 | Reached skill level 21 in Shields
 48211 | Vaults:2 | Reached XP level 20. HP: 121/176 MP: 23/23
 48271 | Vaults:1 | Received a gift from Okawaru
 48809 | Vaults:2 | Identified the ring of Beanaigo {rC+ rN+ AC+4}
 48810 | Vaults:2 | Reached skill level 15 in Fighting
 49484 | Vaults:2 | Reached skill level 22 in Shields
 49879 | Vaults:2 | Found a staircase to the Crypt.
 49931 | Vaults:2 | Received a gift from Okawaru
 50643 | Vaults:2 | Found Impiawus's Distillery.
 50687 | Vaults:2 | Bought a potion of might for 60 gold pieces
 50687 | Vaults:2 | Bought a potion of curing for 45 gold pieces
 50687 | Vaults:2 | Bought a potion of curing for 45 gold pieces
 50687 | Vaults:2 | Bought a potion of haste for 150 gold pieces
 50687 | Vaults:2 | Bought a potion of might for 60 gold pieces
 50687 | Vaults:2 | Bought a potion of haste for 150 gold pieces
 50687 | Vaults:2 | Bought 2 potions of curing for 90 gold pieces
 50687 | Vaults:2 | Bought a potion of heal wounds for 75 gold pieces
 50687 | Vaults:2 | Bought a potion of heal wounds for 75 gold pieces
 50785 | Vaults:3 | Found a flickering gateway to a bazaar.
 50815 | Bazaar   | Entered a bazaar
 50815 | Bazaar   | Found Soggovvyih's Book Emporium.
 50815 | Bazaar   | Found Vijimm's Book Shoppe.
 50815 | Bazaar   | Found Poaqe Lenwag's Antique Armour Shoppe.
 50815 | Bazaar   | Found Bett's Weapon Emporium.
 50823 | Bazaar   | Bought a pair of embroidered gloves for 165 gold pieces
 51337 | Vaults:3 | Reached XP level 21. HP: 188/188 MP: 24/24
 51504 | Vaults:3 | Received a gift from Okawaru
 52414 | Vaults:3 | Reached skill level 23 in Shields
 52924 | Vaults:4 | Received a gift from Okawaru
 53054 | Vaults:4 | Found Nadud's Antique Armour Shoppe.
 53766 | Vaults:4 | Bought a pair of masterwork boots for 247 gold pieces
 53766 | Vaults:4 | Identified the +4 pair of boots "Lanuc" {+Blink MP+9 Dex+3}
                  | (You bought it in a shop on level 4 of the Vaults)
 54001 | Vaults:4 | Noticed Boris
 54011 | Vaults:4 | Killed Boris
 54256 | Vaults:5 | Entered Level 5 of the Vaults
 54333 | Vaults:4 | Reached skill level 24 in Shields
 54357 | Vaults:4 | Received a gift from Okawaru
 54621 | Vaults:4 | Reached XP level 22. HP: 188/198 MP: 18/25
 54698 | Vaults:5 | Noticed a golden dragon
 55391 | Vaults:5 | Killed a golden dragon
 55531 | Vaults:5 | Reached skill level 25 in Shields
 55554 | Vaults:5 | Killed from afar by a quicksilver dragon

Illustrated notes

Levels and vault maps discovered:
D:1:      amcnicky_arrival_double_pillar, layout_rooms
D:2:      layout_basic, minmay_quantized
D:3:      layout_loops_ring, kennysheep_okawaru_gauntlet,
          general_overflow_altar, nicolae_overflow_hidden_temple,
          gammafunk_ghost_necromancy, uniq_natasha, uniq_robin
D:4:      layout_cave_pods, marbit_many_paths, gup_ossuary_entry_pyramid,
          minmay_door_square, uniq_sigmund, uniq_duvessa
D:5:      layout_cave_pools, kennysheep_mini_moat, nrook_loot_triangle,
          chequers_serial_rivers_micro_a, chequers_serial_rivers_micro_c
D:6:      layout_cave_pools, doesnt_xom_only_xom, lemuel_doored_altar,
          gammafunk_ghost_necromancy
D:7:      layout_gridville, grunt_dithmenos_shadows, temple_green, serial_shops,
          shop, ebering_ghost_reflecting_pool, basic_altar, minivault_27
D:8:      layout_loops_ring, nicolae_evil_shop, uniq_erica
D:9:      layout_cave_pools, bloody_makhleb, overflow_temple_1_default,
          gammafunk_temple_overflow_wave, serial_gnoll_camp,
          gnoll_camp_medium_02, gnoll_camp_mini_basic, gnoll_camp_mini_doghouse,
          gnoll_camp_mini_house, gnoll_camp_mini_house, bloody_trog, uniq_maggie
D:10:     layout_cave_pools, orc_0_dummy, introduction_to_nature_1, uniq_grum
D:11:     cheibrodos_barr_body, layout_rooms, erik_lair_dragon, basic_altar,
          st_stairs_7
D:12:     layout_cave_pods, basic_altar, serial_shops, nicolae_shop_crystal
D:13:     layout_irregular_city, david_vaults_2, nicolae_transmutations_shop
D:14:     layout_rooms, special_room [special_room_mythical_zoo], minivault_21,
          statue_in_the_mist_lemuel, minmay_misc_feat_enclosed
D:15:     gammafunk_enter_depths_forms, layout_grid_maze, minmay_fountain_box
Lair:1:   layout_hall_layers, chequers_serial_rivers_room_b
Lair:2:   layout_hall_layers, minmay_snake_entry_six_corridors, basic_altar,
          hibernation_bobbens, grunt_megastairs_5
Lair:3:   nzn_winding_woodlands_stair_trap
          [nzn_winding_woodlands_5x15_split_checker,
          nzn_winding_woodlands_5x15_sidewinder,
          nzn_winding_woodlands_5x15_jagged,
          nzn_winding_woodlands_15x15_five_gardens,
          nzn_winding_woodlands_5x15_pathside_ponds,
          nzn_winding_woodlands_5x15_pool,
          nzn_winding_woodlands_5x15_river_crossing], layout_long_grid
Lair:4:   layout_cave_pods, minmay_shoals_entry_hut, grunt_megastairs_3,
          serial_bayou_shore_b
Lair:5:   layout_cave_pods, gammafunk_ghost_arena, lemuel_fruit_fields,
          uniq_nessos
Lair:6:   grunt_lair_end_beastmaster, layout_hall_layers,
          minmay_slime_entry_oklob_enclosed, nicolae_volcano_entry_batcave
Shoals:1: layout_shoals, hangedman_feature_mirror
Shoals:2: layout_shoals
Shoals:3: cheibrodos_shoals_epimethial_gifts, layout_shoals, uniq_polyphemus
Shoals:4: shoals_end_grunt_ice, layout_shoals, shoals_ilsuiw_ice,
          ebering_ghost_rock_garden, uniq_roxanne
Snake:1:  layout_basic, serial_shops, shop
Snake:2:  layout_chambers, serial_shops, shop, shop, grunt_ministairs_13,
          st_stairs_12, grunt_megastairs_1, uniq_aizul
Snake:3:  layout_grid_maze, uniq_vashnia
Snake:4:  grunt_snake_rune_serpentine_throne, layout_cave_town,
          minmay_shop_grove, serial_bayou_shore_a, uniq_bai_suzhen
Orc:1:    layout_caves, basic_altar
Orc:2:    grunt_orc_cross, layout_caves, hangedman_feature_mirror
Vaults:1: vaults_room_pools, v_misc_14, nicolae_vaults_little_squares_6,
          nicolae_vaults_shelves_hall, hangedman_vaults_stretched_pinwheel,
          vaults_room_pool, vaults_mumra_hex, vaults_room_fancy_cross,
          nicolae_vaults_diagonal_hallway_6, nicolae_vaults_diagonal_hallway_9,
          layout_vaults_big_room
Vaults:2: nicolae_vaults_bisected_slash, v_pattern_4, ontoclasm_vaults_hangar,
          hangedman_vaults_cutoff, ontoclasm_vaults_ring_square,
          nicolae_vaults_windows_and_doors_thing,
          nicolae_vaults_border_crossing, vaults_room_hangedman_quadrants,
          vaults_dpeg_spiral, ontoclasm_vaults_misaligned, vaults_dpeg_ring,
          layout_vaults_quadrants, dummy_crypt_entry, serial_shops,
          nicolae_shop_waterfront
Vaults:3: ontoclasm_vaults_ring_large, v_misc_3,
          nicolae_vaults_network_periphery, hangedman_vaults_cutoff,
          v_alt_pattern_5, hangedman_vaults_restitches,
          grunt_vaults_hallway_short, hangedman_vaults_unwind,
          ontoclasm_vaults_misaligned, nicolae_vaults_little_squares_1,
          nicolae_vaults_gold_heap, vaults_room_hallway, layout_vaults_omnibox,
          serial_shops, bzr_entry_water
Vaults:4: v_rooms_6, grunt_vaults_trifunnel, hangedman_vaults_capsules,
          v_misc_17, hangedman_vaults_stretched_pinwheel,
          nicolae_vaults_angled_halls, hangedman_vaults_impose, v_misc_28,
          layout_vaults_maze_bifur, serial_shops, nicolae_shop_crystal,
          serial_glass, uniq_margery, uniq_boris
Vaults:5

Skill      XL: |  1  2  3  4  5  6  7  8  9 10 11 12 13 14 15 16 17 18 19 20 21 22 |
---------------+-------------------------------------------------------------------+-----
Unarmed Combat | 3 4 5 6 8 9 11 12 14 16 17 19 20 | 20.0
Fighting       | 4 5 6 7 8 11 13 14 16 | 16.8
Armour         | 2 5 6 |  6.0
Invocations    | 3 5 |  5.6
Shields        | 3 9 12 14 16 17 18 20 21 22 24 25 | 25.0
Dodging        | |  1.7
Stealth        | |  5.4

Action                   |  1- 3 |  4- 6 |  7- 9 | 10-12 | 13-15 | 16-18 | 19-21 | 22-24 || total
-------------------------+-------+-------+-------+-------+-------+-------+-------+-------++-------
Melee: Unarmed           |    29 |    47 |   492 |   842 |  1599 |  1614 |  2014 |   291 ||  6928
       Punch             |       |     1 |    14 |    44 |       |       |       |       ||    59
Throw: Throwing net      |       |     1 |       |       |       |       |       |       ||     1
       Dart              |       |       |    11 |     4 |       |       |       |       ||    15
Invok: Heroism           |       |       |       |     2 |     2 |     2 |     1 |       ||     7
       Finesse           |       |       |       |       |       |     1 |     1 |     4 ||     6
Evoke: Wand              |       |       |    15 |    11 |     6 |     7 |     1 |       ||    40
       Condenser vane    |       |       |       |       |       |     1 |       |     1 ||     2
  Use: Scroll            |       |       |    14 |     6 |    17 |     6 |    11 |     2 ||    56
       Potion            |       |       |     4 |     4 |     2 |     5 |     7 |     6 ||    28
 Stab: Sleeping          |       |     2 |    12 |     2 |       |       |       |       ||    16
       Held in net/web   |       |     2 |       |       |       |       |       |       ||     2
       Distracted        |       |       |     1 |       |       |     1 |       |     1 ||     3
       Paralysed         |       |       |       |    10 |       |       |       |       ||    10
       Confused          |       |       |       |     1 |       |       |       |       ||     1
       Petrified         |       |       |       |       |       |     8 |       |       ||     8
Armor: Leather armour    |     1 |     4 |    56 |       |       |       |       |       ||    61
       Scale mail        |       |       |    36 |   132 |       |       |       |       ||   168
       Animal skin       |       |       |       |    73 |       |       |       |       ||    73
       Plate armour      |       |       |       |   150 |   603 |   602 |   526 |    66 ||  1947
Dodge: Dodged            |    14 |    18 |   232 |   633 |   330 |   247 |   176 |    21 ||  1671
Block: Kite shield       |       |       |       |     9 |   949 |  1306 |   377 |       ||  2641
       Reflection        |       |       |       |       |       |    70 |   127 |    15 ||   212
       Tower shield      |       |       |       |       |       |       |  1570 |   252 ||  1822
